 Dungeon Crawl Stone Soup version 0.23-a0-650-ga4d50d4 (webtiles) character file.

8803 partyanimal the Cleaver (level 11, -3/77 HPs)
             Began as an Octopode Chaos Knight on Jan 3, 2019.
             Was a Priest of Makhleb.
             Slain by Gastronok (14 damage)
             ... on level 11 of the Dungeon.
             The game lasted 00:36:37 (12968 turns).

partyanimal the Cleaver (Octopode Chaos Knight)    Turns: 12968, Time: 00:36:42

Health: -3/77      AC:  4    Str:  7 (13) XL:     11   Next: 36%
Magic:  14/14      EV: 20    Int: 15 (16) God:    Makhleb [***...]
Gold:   460        SH:  8    Dex: 15 (16) Spells: 5/10 levels left

rFire    . . .     SeeInvis .   s - +3 hand axe
rCold    + . .     Gourm    +   r - +3 buckler {AC+3}
rNeg     . . .     Faith    .   (helmet restricted)
rPois    .         Spirit   .   q - amulet of the gourmand
rElec    .         Reflect  .   n - +3 ring of evasion
rCorr    .         Harm     .   y - ring of protection from cold
MR       .....                  (no ring)
Stlth    +++.......             (no ring)
HPRegen  0.22/turn              (no ring)
MPRegen  0.14/turn              (no ring)
                                (no ring)
                                (no ring)

@: hasted and slowed
A: almost no armour, stealthy swim, amphibious, 8 rings, constrict 8, beak,
tentacle spike 2, camouflage 1, agile 1, deterioration 1, mutation resistance 1,
strong 1, wild magic 1, gelatinous body 1
a: Minor Destruction, Lesser Servant of Makhleb, Renounce Religion


You were on level 11 of the Dungeon.
You worshipped Makhleb.
Makhleb was most pleased with you.
You were completely stuffed.

You visited 1 branch of the dungeon, and saw 14 of its levels.
You also visited: Ossuary.

You collected 730 gold pieces.
You spent 270 gold pieces at shops.

Inventory:

Hand Weapons
 g - a +5 trident of piercing
 p - a +4 flail of holy wrath
 s - a +3 hand axe (weapon)
 w - a +0 mace
 B - a +1 morningstar of venom
 H - the +8 hunting sling of Inflation {freeze, Str+5 Stlth+, unknown}
   (You bought it in a shop on level 13 of the Dungeon)

   It causes projectiles fired from it to freeze those they strike, causing
   extra injury to most foes and up to half again as much damage against
   particularly susceptible opponents.
   They can also slow down cold-blooded creatures.
   It affects your strength (+5).
   It makes you more stealthy.
Missiles
 f - 6 throwing nets
 l - 4 curare-tipped needles
 E - 7 tomahawks (quivered)
Armour
 r - a +3 buckler of protection (worn)
Magical Staves
 D - an uncursed staff of earth
Jewellery
 n - a +3 ring of evasion (left tentacle)
 q - an amulet of the gourmand (around mantle)
 y - a ring of protection from cold (right tentacle)
Wands
 i - a wand of random effects (17)
 F - a wand of flame (13)
Scrolls
 a - 2 scrolls of fear
 d - 4 scrolls of enchant weapon
 h - a scroll of fog
 j - a scroll of teleportation
 z - a scroll of amnesia
Potions
 c - a potion of curing
 e - 3 potions of lignification
 k - 2 potions of flight
 o - 2 potions of magic
 t - a potion of haste
 u - 2 potions of might
 x - 2 potions of agility
 A - a potion of resistance {unknown}
Comestibles
 b - 21 rations
 m - a chunk of flesh


   Skills:
 - Level 8.3 Fighting
 + Level 12.6 Axes
 + Level 6.8 Dodging
 - Level 2.3 Stealth
 - Level 4.0 Shields
 - Level 5.0 Invocations
 - Level 0.4 Evocations


You had 5 spell levels left.
You knew the following spells:

 Your Spells              Type           Power        Failure   Level  Hunger
a - Blink                 Tloc           N/A          47%         2    ###....
b - Conjure Flame         Conj/Fire      #.......     71%         3    ####...

Your spell library contained the following spells:

 Spells                   Type           Power        Failure   Level  Hunger
 Magic Dart               Conj           #...         34%         1    ##.....
 Summon Small Mammal      Summ           #...         34%         1    ##.....
 Call Imp                 Summ           #.......     47%         2    ###....
 Slow                     Hex            #.......     47%         2    ###....
 Call Canine Familiar     Summ           #.......     71%         3    ####...
 Mephitic Cloud           Conj/Pois/Air  #.......     71%         3    ####...
 Summon Guardian Golem    Hex/Summ       #.......     71%         3    ####...
 Summon Ice Beast         Ice/Summ       #.......     97%         4    #####..
 Summon Lightning Spire   Summ/Air       #.......     97%         4    #####..


Dungeon Overview and Level Annotations

Branches:
Dungeon (14/15)            Temple (0/1) D:4            Lair (0/6) D:9
    Orc (0/2) D:10
 Vaults: D:13-14

Altars:
Ashenzari
Cheibriados
Elyvilon
Fedhas
Hepliaklqana
Makhleb
Nemelex Xobeh
Okawaru
Trog
Xom
Zin
The Shining One
Beogh

Shops:
D:13 *

Annotations:
D:4 1 runed door
D:6 3 runed doors, exclusion: downstairs, azzavlup's ghost, novice DsAK
D:7 exclusion: downstairs
D:9 exclusion: downstairs
D:10 exclusion: downstairs
D:11 exclusions: hydra and ugly thing, Gastronok
D:13 exclusion: hydra, Urug


Innate Abilities, Weirdness & Mutations

You cannot wear most types of armour.
You are very stealthy in the water. (Stealth+)
You are amphibious.
You can wear up to eight rings at the same time.
You can use your tentacles to constrict eight enemies at once.
Your skin changes colour to match your surroundings (Stealth+).
Your rubbery body absorbs attacks. (AC +1, EV +1)
You have a beak for a mouth.
One of your tentacles bears a nasty spike.
You are agile. (Dex +2)
Your body sometimes deteriorates upon taking damage.
You are somewhat resistant to further mutation.
Your muscles are strong. (Str +2)
Your spells are a little harder to cast, but a little more powerful.


Message History

Gastronok is heavily wounded.
Gastronok chants a spell, wobbling all the while.
Gastronok puts on a burst of speed!
You slash Gastronok! You peck Gastronok.
Gastronok is heavily wounded.
You hit Gastronok.
You pierce Gastronok.
Gastronok is heavily wounded.
You hit something but do no damage. Something barely misses you.
Something hits you.
Deactivating autopickup; reactivate with Ctrl-A.
Gastronok waves his eye-stalks in wide circles.
The air twists around and strikes you!
* * * LOW HITPOINT WARNING * * *
You feel yourself speed up. Something hits you.
* * * LOW HITPOINT WARNING * * *
Something hits you.
* * * LOW HITPOINT WARNING * * *
Gastronok bites you!
You die...
Xom giggles madly!

#.........# #.........#
#.........##.........#
###.........##.........#
#...........##.###+#####
#...........##.###+#####
#.(.........##.#........
#...........##.#.†......
#...........##.#@w......
+....<...........{{.....
#...........##..##+#####
#...........##...#
#.....####..##.#.#
#......#....##.#.#
#...#..#..#.##.#..
#...)..#....##.##.#
#.....[.....##.# ..


You could see Gastronok.

Vanquished Creatures
  Harold (D:7)
  A two-headed ogre (D:9)
  Sonja (D:10)
  Pikel (D:4)
  A gargoyle (D:10)
  A troll (D:11)
  Grinder (D:4)
  2 hippogriffs
  Sigmund (D:4)
  A spriggan (D:7)
  A wyvern (D:11)
  3 vampire mosquitoes (D:10)
  A water moccasin (D:6)
  7 orc warriors
  A hornet zombie (D:7)
  4 slaves (D:4)
  3 sky beasts
  An ice beast (D:7)
  6 ogres
  A crocodile (D:14)
  3 centaurs
  A big kobold (D:8)
  A gnoll sergeant (D:8)
  3 bullfrogs
  A wyvern zombie (D:8)
  A scorpion (D:10)
  6 killer bees
  5 wights (D:7)
  2 howler monkeys
  4 crimson imps
  3 centaur zombies
  2 hounds
  A quasit (D:10)
  2 bullfrog zombies
  A human zombie (Ossuary)
  A jelly (D:5)
  9 orc priests
  7 orc wizards
  2 iguanas (D:5)
  4 worker ants
  2 mummies (Ossuary)
  A hound zombie (D:7)
  A hound skeleton (D:5)
  A worker ant zombie (D:10)
  An adder (D:5)
  5 gnolls (D:8)
  A howler monkey skeleton (D:5)
  A shadow imp (D:6)
  An ooze (D:2)
  3 adder skeletons
  4 adder zombies
  5 worms
  2 dart slugs (D:2)
  6 leopard geckos
  31 orcs
  2 giant cockroaches
  13 goblins
  4 hobgoblins
  14 jackals
  8 quokkas
  11 bats
  9 frilled lizards
  2 goblin zombies (Ossuary)
  7 hobgoblin zombies (Ossuary)
  2 jackal zombies (Ossuary)
  11 kobolds
  9 kobold zombies (Ossuary)
  2 leopard gecko skeletons
  A leopard gecko zombie (D:9)
  11 orc zombies (Ossuary)
  12 rats
  A rat zombie (Ossuary)
282 creatures vanquished.

Vanquished Creatures (collateral kills)
  Edmund (D:5)
  A sky beast (D:5)
2 creatures vanquished.

Vanquished Creatures (others)
  A fungus (D:6)
1 creature vanquished.

Grand Total: 285 creatures vanquished

Notes
Turn   | Place    | Note
-------+----------+-------------------------------------------
     0 | D:1      | partyanimal the Octopode Chaos Knight began the quest for
                  | the Orb.
     0 | D:1      | Reached XP level 1. HP: 16/16 MP: 1/1
    61 | D:1      | Reached XP level 2. HP: 21/21 MP: 2/2
   300 | D:1      | XOM: silly message
   331 | D:1      | XOM: divination: detect items
   351 | D:1      | XOM: harmless Fire miscast
   409 | D:1      | Reached skill level 1 in Stealth
   409 | D:1      | Reached XP level 3. HP: 26/26 MP: 3/3
   576 | D:2      | XOM: divination: magic mapping
   803 | D:2      | XOM: harmless Tloc miscast
  1114 | D:2      | XOM: god gift: 39 gold pieces
  1132 | D:2      | Reached XP level 4. HP: 33/33 MP: 4/4
  1522 | D:3      | XOM: harmless Air miscast
  1732 | D:3      | XOM: scenery: 1 doors close
  2053 | D:3      | Reached skill level 4 in Axes
  2281 | D:4      | Reached XP level 5. HP: 37/37 MP: 5/5
  2522 | D:4      | Found a staircase to the Ecumenical Temple.
  2547 | D:4      | XOM: scenery: 1 doors open, 1 doors close
  2557 | D:4      | Noticed an ogre
  2560 | D:4      | Found a hazy altar of Hepliaklqana.
  2564 | D:4      | Killed an ogre
  2564 | D:4      | Reached skill level 5 in Axes
  2564 | D:4      | Reached XP level 6. HP: 37/43 MP: 6/6
  2617 | D:4      | XOM: summons 3 hostile shadow creatures
  2648 | D:4      | Found a burning altar of Makhleb.
  2648 | D:4      | Found a shattered altar of Ashenzari.
  2663 | D:4      | Noticed Sigmund
  2668 | D:4      | XOM: divination: detect creatures
  2674 | D:4      | Killed Sigmund
  2705 | D:4      | XOM: harmless Pois miscast
  2794 | D:4      | Found a runed door.
  2877 | D:4      | Noticed Grinder
  2888 | D:4      | XOM: summons friendly white imp
  2892 | D:4      | Killed Grinder
  2892 | D:4      | Reached skill level 6 in Axes
  2892 | D:4      | Reached XP level 7. HP: 7/49 MP: 7/7
  3243 | D:4      | Noticed Pikel
  3252 | D:4      | XOM: enchant monster (good)
  3270 | D:4      | XOM: scenery: create altars
  3274 | D:4      | XOM: cleaving
  3282 | D:4      | XOM: enchant monster (good)
  3326 | D:4      | XOM: summons friendly crimson imp
  3336 | D:4      | Killed Pikel
  3336 | D:4      | Reached skill level 5 in Fighting
  3336 | D:4      | Reached skill level 7 in Axes
  3336 | D:4      | Reached XP level 8. HP: 35/55 MP: 8/8
  3444 | D:4      | XOM: divination: magic mapping
  3622 | D:4      | XOM: 8-stop teleportation journey
  3678 | D:5      | Entered Level 5 of the Dungeon
  3903 | D:5      | Reached skill level 8 in Axes
  4417 | D:5      | Noticed Edmund
  4570 | D:5      | XOM: god gift: scroll labeled GIDDANIPOD {god gift}
  4629 | D:5      | XOM: 4-stop teleportation journey
  4655 | D:5      | XOM: give mutations
  4655 | D:5      | Gained mutation: One of your tentacles bears a spike.
                  | [Xom's grace]
  4655 | D:5      | Gained mutation: One of your tentacles bears a nasty spike.
                  | [Xom's grace]
  4713 | D:5      | XOM: god gift: 53 gold pieces
  4769 | D:5      | XOM: give mutations
  4769 | D:5      | Gained mutation: Your spells are a little harder to cast,
                  | but a little more powerful. [Xom's grace]
  4769 | D:5      | Gained mutation: Your muscles are strong. (Str +2) [Xom's
                  | grace]
  4769 | D:5      | Gained mutation: You are somewhat resistant to further
                  | mutation. [Xom's grace]
  4769 | D:5      | Gained mutation: You are agile. (Dex +2) [Xom's grace]
  4844 | D:5      | Reached skill level 5 in Dodging
  4975 | D:5      | XOM: god gift: scale mail {god gift}
  5037 | D:5      | Reached skill level 9 in Axes
  5154 | D:5      | XOM: god gift: scroll labeled NEOSUD TENYOKH {god gift}
  5167 | D:5      | XOM: 3-stop teleportation journey
  5257 | D:5      | XOM: fog
  5266 | D:5      | Reached XP level 9. HP: 52/62 MP: 9/9
  5322 | D:5      | Found a burning altar of Makhleb.
  5342 | D:5      | XOM: divine lightning
  5358 | D:5      | XOM: summons friendly ufetubus
  5361 | D:5      | XOM: confuse monster(s)
  5501 | D:5      | XOM: give mutation
  5501 | D:5      | Gained mutation: One of your tentacles bears a large
                  | vicious spike. [Xom's grace]
  5665 | D:5      | HP: 3/62 [something (6)]
  5705 | D:5      | Killed Edmund
  5726 | D:5      | XOM: cleaving
  5735 | D:5      | XOM: confuse monster(s)
  5893 | D:5      | XOM: cloud trail
  6001 | D:5      | XOM: god gift: shiny buckler {god gift}
  6205 | D:6      | XOM: stealth player
  6222 | D:6      | XOM: cleaving
  6495 | D:6      | Found a blossoming altar of Fedhas.
  6497 | D:6      | Found a runed gate.
  6564 | D:6      | Found a runed gate.
  6564 | D:6      | Found a runed gate.
  6575 | D:6      | Noticed azzavlup's ghost (novice DsAK)
  6623 | D:6      | Reached skill level 10 in Axes
  6842 | D:5      | Fell from the grace of Xom
  6842 | D:5      | Became a worshipper of Makhleb the Destroyer
  6971 | D:7      | Noticed Harold
  6988 | D:7      | Killed Harold
  6988 | D:7      | Reached skill level 11 in Axes
  6988 | D:7      | Reached skill level 1 in Shields
  6988 | D:7      | Reached XP level 10. HP: 57/71 MP: 10/10
  7291 | D:7      | Found a sand-covered staircase.
  7313 | Ossuary  | Entered an ossuary
  7537 | Ossuary  | Reached * piety under Makhleb
  7983 | D:7      | XOM: give mutation
  7983 | D:7      | Lost mutation: One of your tentacles bears a large vicious
                  | spike. [Xom's mischief]
  7995 | D:7      | Found a glowing golden altar of the Shining One.
  8082 | D:7      | XOM: give mutations
  8082 | D:7      | Gained mutation: You have a beak for a mouth. [Xom's
                  | mischief]
  8082 | D:7      | Gained mutation: Your body sometimes deteriorates upon
                  | taking damage. [Xom's mischief]
  8164 | D:7      | Found a sparkling altar of Nemelex Xobeh.
  8166 | D:7      | Found a glowing silver altar of Zin.
  8235 | D:7      | Reached ** piety under Makhleb
  8914 | D:8      | Reached skill level 12 in Axes
  8998 | D:8      | Found a snail-covered altar of Cheibriados.
  9005 | D:8      | Found a white marble altar of Elyvilon.
  9141 | D:8      | Noticed a moth of wrath
  9144 | D:8      | Found a bloodstained altar of Trog.
  9328 | D:8      | XOM: medium Summ miscast
  9435 | D:9      | Found a staircase to the Lair.
  9451 | D:9      | Found an iron altar of Okawaru.
  9480 | D:9      | Learned a level 2 spell: Blink
  9484 | D:9      | Learned a level 3 spell: Conjure Flame
  9501 | D:9      | Noticed a two-headed ogre
  9505 | D:9      | Killed a two-headed ogre
  9529 | D:9      | XOM: noise
  9879 | D:10     | Entered Level 10 of the Dungeon
  9973 | D:10     | Reached *** piety under Makhleb
 10089 | D:10     | Noticed a gargoyle
 10168 | D:10     | Reached skill level 1 in Invocations
 10187 | D:10     | Reached XP level 11. HP: 70/77 MP: 11/13
 10197 | D:10     | Found a staircase to the Orcish Mines.
 10209 | D:10     | Found a roughly hewn altar of Beogh.
 11027 | D:10     | Reached skill level 5 in Invocations
 11309 | D:10     | Noticed Sonja
 11649 | D:11     | Noticed a brown ugly thing
 11662 | D:11     | Noticed a five-headed hydra
 11750 | D:11     | You fall through a shaft for 2 floors!
 11750 | D:13     | Found Paeden's Assorted Antiques.
 11751 | D:13     | Noticed Urug
 11756 | D:13     | Bought a scroll labeled MAGHEG UFRU for 36 gold pieces
 11756 | D:13     | Bought a pitted hunting sling for 234 gold pieces
 11767 | D:13     | Noticed a six-headed hydra
 11815 | D:14     | XOM: enchant monster (bad)
 12059 | D:14     | Noticed a manticore
 12214 | D:13     | XOM: medium Necr miscast
 12323 | D:11     | XOM: scenery: 1 doors open
 12555 | D:10     | XOM: mild Tmut miscast
 12578 | D:10     | XOM: noise
 12597 | D:10     | Killed Sonja
 12739 | D:10     | XOM: medium Air miscast
 12791 | D:10     | XOM: noise
 12942 | D:11     | Noticed Gastronok
 12968 | D:11     | Slain by Gastronok

Vault maps used:
D:1:      dpeg_arrival_orchard
D:3:      supply_closet_lemuel, eino_tiny_chamber
D:4:      minitemple, minmay_temple_entry_from_below_a, first_ration,
          uniq_pikel, uniq_sigmund, uniq_grinder, uniq_crazy_yiuf_cottage
D:5:      makhleb_heckhound_becter, uniq_edmund
D:6:      fedhas_altar_3, ebering_ghost_rock_garden
D:7:      lemuel_crystal_altar, chequers_temple_overflow_statue_of_worship,
          enter_ossuary_2, the_bakery, uniq_harold
D:8:      amethyst_overflow_temple_binary, tgw_trog
D:9:      nicolae_overflow_crystal_walls, lair_entry_dummy
D:10:     minmay_orc_entry_temple_small, hangedman_decor_opposing, uniq_sonja
D:11:     hangedman_abyss_or_decor_passed, uniq_gastronok
D:12:     grunt_tough_drop
D:13:     david_vaults_2, serial_shops, shop, uniq_urug, uniq_kirke
D:14:     doesnt_quadruple_sword, minmay_hedge_maze, serial_shops,
          kennysheep_little_box, wad_floor_pattern_2
Ossuary:  ossuary_tomb_1

Skill      XL: |  1  2  3  4  5  6  7  8  9 10 11 |
---------------+----------------------------------+-----
Stealth        | 1 2 |  2.3
Axes           | 4 5 6 7 9 11 12 | 12.6
Fighting       | 4 5 7 8 |  8.3
Dodging        | 3 4 5 6 |  6.8
Shields        | 1 3 4 |  4.0
Invocations    | 2 5 |  5.0
Evocations     | |  0.4

Action                   |  1- 3 |  4- 6 |  7- 9 | 10-12 || total
-------------------------+-------+-------+-------+-------++-------
Melee: Hand axe          |    78 |    90 |   202 |   268 ||   638
       Constrict         |    18 |    23 |    35 |    94 ||   170
       Tentacles         |    10 |    20 |    53 |    95 ||   178
       Kick              |       |       |    65 |   178 ||   243
       Staff             |       |       |       |   179 ||   179
       Peck              |       |       |       |    85 ||    85
Throw: Tomahawk          |       |       |       |     2 ||     2
Evoke: Wand              |       |       |     1 |     9 ||    10
  Use: Potion            |       |     1 |     1 |     6 ||     8
       Scroll            |       |       |     8 |    17 ||    25
 Stab: Sleeping          |    15 |     6 |     8 |    10 ||    39
       Petrifying        |       |     2 |       |     1 ||     3
       Paralysed         |       |       |     4 |     1 ||     5
       Invisible         |       |       |       |     2 ||     2
  Eat: Chunk             |     1 |     5 |    14 |    21 ||    41
       Ration            |       |       |     2 |       ||     2
Armor: Skin              |     4 |     3 |     9 |    29 ||    45
Dodge: Dodged            |    41 |    63 |   120 |   317 ||   541
Block: Buckler           |       |       |    13 |   123 ||   136

Table legend:
 A = Non-vault XP
 B = Vault XP
 C = Vault XP percentage of total XP
 D = Non-vault monster count
 E = Vault monster count
 F = Vault count percentage of total count
                 A         B        C        D         E       F
            +---------+---------+-------+---------+---------+-------
      Total |    8868 |    3709 |  29.5 |     219 |      61 |  21.8
            +---------+---------+-------+---------+---------+-------
        D:1 |      42 |       0 |   0.0 |      28 |       0 |   0.0
        D:2 |      45 |       0 |   0.0 |      21 |       0 |   0.0
        D:3 |      50 |       0 |   0.0 |      28 |       0 |   0.0
        D:4 |     239 |    1138 |  82.6 |      10 |       3 |  23.1
        D:5 |    1116 |     128 |  10.3 |      24 |       2 |   7.7
        D:6 |    1068 |       0 |   0.0 |      22 |       0 |   0.0
        D:7 |     833 |    1224 |  59.5 |      20 |       2 |   9.1
        D:8 |     899 |      21 |   2.3 |      24 |       5 |  17.2
        D:9 |    1464 |       0 |   0.0 |       8 |       0 |   0.0
       D:10 |    1698 |     970 |  36.4 |      20 |       9 |  31.0
       D:11 |     660 |       0 |   0.0 |       4 |       0 |   0.0
       D:13 |     259 |       0 |   0.0 |       5 |       0 |   0.0
       D:14 |     495 |       0 |   0.0 |       5 |       0 |   0.0
    Ossuary |       0 |     228 | 100.0 |       0 |      40 | 100.0
            +---------+---------+-------+---------+---------+-------
